 Dungeon Crawl Stone Soup version 0.29.1-12-g30fa7ad0bf (webtiles) character file.

Game seed: 239357940626049591

241 wormed the Magician (level 6, -3/47 HPs)
             Began as a Djinni Conjurer on Dec 22, 2022.
             Slain by a sky beast (5 damage)
             ... on level 3 of the Dungeon.
             The game lasted 00:05:41 (3405 turns).

wormed the Magician (Djinni Conjurer)               Turns: 3405, Time: 00:05:42

Health: -3/47      AC:  2    Str:  6    XL:     6   Next: 30%
Gold:   117        EV: 12    Int: 21    God:
                   SH:  0    Dex: 12

rFire   + + .      SeeInvis .   (no weapon)
rCold   x . .      Faith    .   (no shield)
rNeg    . . .      Spirit   .   a - +0 robe
rPois   ∞          Reflect  .   (no helmet)
rElec   .          Harm     .   (no cloak)
rCorr   .          Rampage  .   (no gloves)
Will    .....                   (boots unavailable)
Stlth   ++........              (no amulet)
HPRegen 0.15/turn               (no ring)
MPRegen 0.00/turn               (no ring)

@: flying, slowed, very slow
A: sickness immunity, fire resistance 2, cold vulnerability 1, float, innate
caster, HP casting, extra vitality 1
a: no special abilities


You were on level 3 of the Dungeon.
You visited 1 branch of the dungeon, and saw 3 of its levels.

You collected 117 gold pieces.

Inventory:

Armour
 a - a +0 robe (worn)
Wands
 m - a wand of flame (20)
Scrolls
 d - 2 scrolls of blinking {unknown}
 h - a scroll of enchant weapon {unknown}
 j - a scroll of amnesia {unknown}
 k - a scroll of teleportation {unknown}
 l - a scroll of noise {unknown}
 n - a scroll of torment {unknown}
Potions
 b - a potion of lignification {unknown}
 c - a potion of heal wounds {unknown}
 f - 2 potions of degeneration {unknown}
 g - 2 potions of curing {unknown}
 i - a potion of mutation {unknown}
 o - a potion of might {unknown}


   Skills:
 + Level 3.9 Fighting
 - Level 2.1 Dodging
 - Level 1.5 Stealth
 + Level 4.5 Spellcasting


You couldn't memorise any spells.
You knew the following spells:

 Your Spells              Type           Power      Damage    Failure   Level
a - Magic Dart            Conj           96%        1d7       1%          1
b - Searing Ray           Conj           48%        2d6       2%          2
c - Dazzling Flash        Conj/Hex       48%        N/A       5%          3
d - Fulminant Prism       Conj/Hex       12%        3d9       17%         4
e - Iskenderun's Mystic   Conj/Tloc      24%        2d7       17%         4
f - Sting                 Tmut/Pois      96%        1d7       1%          1
g - Blink                 Tloc           48%        N/A       2%          2
Your spell library was empty.

Dungeon Overview and Level Annotations

Branches:
Dungeon (3/15)

Altars:
Ashenzari
Gozag

Shops:
D:1 *


Innate Abilities, Weirdness & Mutations

You are immune to sickness and miasma.
You are immune to poison.
Your flesh is very heat resistant. (rF++)
You are vulnerable to cold. (rC-)
You float through the air rather than walking.
You learn spells naturally, not from books.
Your magical power is your life essence.
You have superior vitality. (+4 MHP)


Message History

* * * LOW HITPOINT WARNING * * *
The sky beast shocks you.
* * * LOW HITPOINT WARNING * * *
Unknown command.
Throw: throwing net
Press: ? - help, Q - select action, (/) - cycle Shift-Dir - straight line, f/p - sky beast
Aim: a sky beast (moderately wounded, 46% to hit)
You throw a throwing net. The throwing net hits the sky beast.
The sky beast is caught in the net!
The sky beast is moderately wounded.
The sky beast struggles against the net.
The sky beast struggles against the net.
The sky beast flickers out of sight!
Deactivating autopickup; reactivate with Ctrl-A.
Something wriggles in the net.
Something wriggles in the net.
Something wriggles in the net.
All of a sudden the net rips apart!
Natasha, Servant of Life and Death comes into view.
Natasha hisses angrily.
Natasha stares at you and mumbles some strange words.
You feel yourself slow down.
Aiming: Searing Ray (safe; 2% risk of failure)
Press: ? - help, Q - select action, (/) - cycle Shift-Dir - straight line, f - Natasha
Aim: Natasha (72% to hit)
The searing ray hits Natasha!
Natasha is severely wounded. (Press . to maintain the ray.)
* * * LOW HITPOINT WARNING * * *
The searing ray misses Natasha.
* * * LOW HITPOINT WARNING * * *
Natasha howls an incantation.
You feel disoriented.
The searing ray hits Natasha!
You kill Natasha!
You feel Natasha's spirit has finally been put to rest.
* * * LOW HITPOINT WARNING * * *
Something hits you.
* * * LOW HITPOINT WARNING * * *
Something shocks you.
You die...

.# #.............. .#
#######..###### ##
#################..# #
#......>...........# #
#.############.#..## #
#.# ##.###.## #####.##
##.## ##.######.#
.......# #.##
##.......# ...##..#
##@## ##.########
...##..#### ##†###.##
..........# #..#.##
.......##.#######.#.##
....>#.##.........#.##
.......###########...#
...#...##...)........#
.....####.########...#
###.## #.# #####


There were no monsters in sight!

Vanquished Creatures
  Jessica (D:3)
  Natasha (thrice) (D:3)
  4 gnolls (D:2)
  3 adders (D:2)
  3 worms
  3 dart slugs
  7 ball pythons
  6 endoplasms
  3 giant cockroaches
  3 goblins
  3 hobgoblins
  2 jackals (D:1)
  A quokka (D:2)
  3 bats
  3 frilled lizards
  9 kobolds
  11 rats
68 creatures vanquished.

Notes
Turn   | Place    | Note
-------+----------+-------------------------------------------
     0 | D:1      | wormed the Djinni Conjurer began the quest for the Orb.
     0 | D:1      | wormed set off with the following spells memorised: Magic
                  | Dart, Searing Ray, Dazzling Flash, Fulminant Prism,
                  | Iskenderun's Mystic Blast.
     0 | D:1      | Reached XP level 1. HP: 15/15 MP: 0/0
   292 | D:1      | Reached XP level 2. HP: 18/22 MP: 0/0
   295 | D:1      | Reached skill level 1 in Fighting
   813 | D:1      | Found Wuubien's General Store.
   963 | D:1      | Reached XP level 3. HP: 25/27 MP: 0/0
   963 | D:1      | Learned a level 1 spell: Sting
  1459 | D:2      | Reached XP level 4. HP: 31/33 MP: 0/0
  1892 | D:2      | Found an opulent altar of Gozag.
  2208 | D:2      | Reached skill level 4 in Spellcasting
  2212 | D:2      | Reached XP level 5. HP: 19/40 MP: 0/0
  2212 | D:2      | Learned a level 2 spell: Blink
  2813 | D:3      | Noticed Natasha
  2816 | D:3      | Killed Natasha
  2843 | D:3      | Found a broken altar of Ashenzari.
  2957 | D:3      | Noticed Jessica
  2962 | D:3      | Killed Jessica
  3026 | D:3      | Noticed Natasha
  3031 | D:3      | Killed Natasha
  3032 | D:3      | Reached XP level 6. HP: 25/47 MP: 0/0
  3383 | D:3      | Noticed a sky beast
  3401 | D:3      | Noticed Natasha
  3404 | D:3      | Killed Natasha
  3405 | D:3      | HP: 2/47 [something (4)]
  3405 | D:3      | Slain by a sky beast

Illustrated notes

Levels and vault maps discovered:
D:1:      roderic_dead_forest, layout_basic, serial_shops, shop
D:2:      layout_rooms, basic_altar, minmay_indecisive_spiral
D:3:      layout_loops_ring, ashenzari_conservatory_becter,
          biasface_ghost_orc_armoury, uniq_jessica, uniq_natasha

Skill      XL: |  1  2  3  4 |
---------------+-------------+-----
Fighting       | 1 2 3 |  3.9
Spellcasting   | 4 |  4.5
Dodging        | |  2.1
Stealth        | |  1.5

Action                   |  1- 3 |  4- 6 || total
-------------------------+-------+-------++-------
Throw: Throwing net      |       |     1 ||     1
 Cast: Magic Dart        |    11 |       ||    11
       Searing Ray       |    24 |    34 ||    58
Armor: Robe              |       |     1 ||     1
Dodge: Dodged            |     6 |     4 ||    10
